AoeStats
← flashx9721

Black Forest

508367071Analyzed
3v3 RM · 12d ago on Sep 22, 2026· 78m 3s· 6 players
Game mode
Random Map
Map size
Normal (6 player)
Population
200
Speed
Normal
Resources
Standard
Victory
Conquest
Starting age
Dark Age
Ending age
Imperial Age
RankedLock teamsTeams togetherTeam positionsShared explorationLock speedFull tech treeHidden civsTurbo modeCheats
Victory
Defeat
🇺🇸 Malians · United States
824
+12
🇨🇴 Goths · Colombia
770
+14
🇲🇽 Mongols · Mexico
766
+14
744
-14
🇺🇸 Bohemians · United States
728
-13
🇺🇸 Byzantines · United States
728
-13
Brianbuu
0:36 Loom
13:50 Feudal Age
14:25 Double-Bit Axe
16:52 Horse Collar
18:53 Wheelbarrow
26:21 Castle Age
25:22 Gold Mining
25:27 Stone Mining
28:45 Hand Cart
28:52 Bow Saw
28:46 Heavy Plow
32:16 Imperial Age
30:23 Hand Cart
33:17 Imperial Age
30:34 Pikeman
31:15 Squires
31:39 Ballistics
31:15 Murder Holes
31:29 Scale Mail Armor
31:19 Fletching
31:52 Forging
32:19 Light Cavalry
33:12 Bloodlines
33:07 Husbandry
34:04 Caravan
34:49 Town Watch
34:41 Elite Skirmisher
36:23 Stone Shaft Mining
36:32 Conscription
37:30 Two-Man Saw
37:26 Town Patrol
38:04 Padded Archer Armor
39:23 Onager
40:27 Leather Archer Armor
41:12 Fervor
40:59 Capped Ram
43:54 Chemistry
42:55 Bodkin Arrow
43:07 Scale Barding Armor
45:13 Halberdier
45:23 Hussar
48:26 Iron Casting
47:51 Bracer
48:07 Chain Mail Armor
48:17 Anarchy
48:24 Anarchy
58:36 Elite Huskarl
58:54 Sappers
59:25 Perfusion
70:53 Perfusion
77:04 Perfusion
t_ruiz_
2:33 Loom
11:34 Feudal Age
15:52 Town Watch
19:05 Double-Bit Axe
22:49 Castle Age
26:12 Caravan
29:36 Scale Barding Armor
29:22 Fletching
31:28 Wheelbarrow
31:10 Bow Saw
31:20 Gold Mining
31:14 Horse Collar
33:41 Fortified Wall
33:44 Masonry
33:31 Murder Holes
33:57 Ballistics
33:54 Heavy Plow
33:48 Stone Mining
33:59 Bodkin Arrow
35:03 Nomads
39:27 Imperial Age
40:35 Conscription
39:45 Elite Mangudai
41:29 Bracer
41:50 Chain Barding Armor
41:32 Padded Archer Armor
44:10 Hoardings
50:22 Chemistry
51:51 Elite Skirmisher
53:35 Hand Cart
54:20 Pikeman
55:01 Squires
54:46 Arson
DANIEL-VZLA
2:26 Loom
14:13 Feudal Age
15:49 Double-Bit Axe
20:01 Horse Collar
20:16 Stone Mining
23:20 Castle Age
23:04 Wheelbarrow
22:56 Gold Mining
25:33 Bow Saw
25:28 Town Watch
25:50 Fletching
27:22 Heavy Plow
27:58 Hand Cart
30:13 Town Patrol
35:05 Imperial Age
32:40 Tigui
32:45 Padded Archer Armor
32:40 Bodkin Arrow
35:14 Leather Archer Armor
35:09 Forging
35:05 Scale Barding Armor
35:50 Caravan
37:21 Conscription
37:08 Husbandry
36:30 Light Cavalry
38:19 Fortified Wall
38:05 Murder Holes
38:31 Ballistics
38:23 Masonry
39:27 Bloodlines
39:55 Iron Casting
39:51 Ring Archer Armor
39:41 Chain Barding Armor
39:44 Farimba
40:29 Elite Gbeto
43:34 Plate Barding Armor
43:51 Gold Shaft Mining
43:53 Stone Shaft Mining
flashx9721
1:18 Loom
13:54 Feudal Age
18:45 Castle Age
21:17 Double-Bit Axe
22:40 Bow Saw
22:12 Horse Collar
24:37 Wheelbarrow
27:17 Heavy Plow
32:06 Imperial Age
30:08 Ballistics
31:01 Hand Cart
31:20 Caravan
32:26 Man-at-Arms
32:27 Pikeman
34:20 Chemistry
33:32 Masonry
33:43 Halberdier
34:31 Scale Mail Armor
34:42 Forging
34:50 Squires
36:23 Architecture
35:56 Town Watch
37:15 Bombard Tower
37:56 Wagenburg Tactics
38:45 Town Patrol
39:18 Siege Engineers
40:34 Elite Hussite Wagon
41:35 Chain Mail Armor
41:56 Iron Casting
40:51 Long Swordsman
41:53 Houfnice
43:48 Arson
48:22 Plate Mail Armor
48:53 Blast Furnace
56:27 Two-Handed Swordsman
58:32 Champion
assault8055
5:05 Loom
11:57 Feudal Age
17:21 Castle Age
15:34 Double-Bit Axe
17:06 Horse Collar
20:14 Wheelbarrow
20:55 Heavy Plow
21:10 Bow Saw
23:45 Hand Cart
27:33 Gold Mining
30:57 Imperial Age
29:53 Caravan
33:07 Conscription
35:03 Gold Shaft Mining
34:21 Stone Mining
34:09 Cavalier
34:50 Husbandry
34:14 Pikeman
34:55 Squires
34:42 Gambesons
34:17 Man-at-Arms
38:15 Chemistry
37:35 Ballistics
37:32 Fortified Wall
37:20 Murder Holes
37:44 Scale Barding Armor
37:40 Scale Mail Armor
37:50 Forging
38:43 Two-Man Saw
38:18 Crop Rotation
38:22 Paladin
41:13 Chain Barding Armor
41:09 Chain Mail Armor
41:30 Iron Casting
44:28 Bombard Tower
53:12 Long Swordsman
53:39 Arson
55:14 Heavy Camel Rider
58:12 Halberdier
64:13 Onager
74:11 Light Cavalry
爱蜜莉娅天使来到我身边
7:33 Loom
14:06 Feudal Age
15:57 Horse Collar
16:06 Double-Bit Axe
20:27 Castle Age
22:56 Bow Saw
23:41 Wheelbarrow
26:07 Hand Cart
34:04 Imperial Age
32:46 Town Watch
33:58 Caravan
34:31 Coinage
37:31 Conscription
37:14 Double Crossbow
37:14 Heavy Scorpion
38:56 Stone Mining
38:56 Gold Mining
38:33 Elite Ballista Elephant
39:26 Scale Barding Armor
39:14 Fletching
38:48 Capped Ram
39:48 Town Patrol
40:14 Siege Engineers
41:11 Chemistry
40:49 Chain Barding Armor
40:31 Padded Archer Armor
40:36 Scale Mail Armor
40:46 Forging
40:33 Bodkin Arrow
43:21 Ballistics
42:57 Murder Holes
43:13 Fortified Wall
43:22 Leather Archer Armor
43:46 Iron Casting
44:46 Hoardings
44:13 Tusk Swords
Connection lost

Rejoining the realm…

Still unreachable

The connection could not be restored.

Session expired

The server has moved on; the page needs a fresh start.